[Event "Niedersachsen-ch A 2024"]
[Site "Verden Aller"]
[Date "2024.01.05"]
[Round "4.14"]
[White "Ay, Furkan"]
[Black "Bulygin, Anton"]
[Result "1/2-1/2"]
[ECO "C41"]
[WhiteElo "1544"]
[BlackElo "2040"]
[Annotator "NA RC"]
[PlyCount "80"]
[EventDate "2024.01.01"]
[EventType "swiss"]
[EventCountry "GER"]
[SourceTitle "playchess.com"]
[Source "ChessBase"]
[SourceQuality "1"]
[TimeControl "40/5400+30:1800+30"]

1. e4 d6 2. d4 Nf6 3. Nc3 Nbd7 4. Nf3 e5 5. Bc4 Be7 6. Bxf7+ Kxf7 7. Ng5+ Kg8 8. Ne6 Qe8 9. Nxc7 Qd8 10. Nxa8 b6 11. dxe5 dxe5 12. Nd5 Bd6 13. Bg5 Bb7 14. Naxb6 axb6 15. c4 h6 16. Nxf6+ Nxf6 17. Bxf6 Qxf6 18. Qb3 Bc5 19. O-O-O Kh7 20. f3 Rd8 21. g3 Rxd1+ 22. Rxd1 Qe6 23. Qd3 Bc6 24. f4 exf4 25. e5+ Qg6 26. Qxg6+ Kxg6 27. gxf4 Kf5 28. Re1 Kxf4 29. a3 Kf5 30. e6 Be7 31. Kd2 g5 32. b4 b5 33. Kd3 h5 34. Kd4 bxc4 35. b5 Bb7 36. Kxc4 Bc8 37. Kd5 Bb7+ 38. Kc4 Bc8 39. Kd5 Bb7+ 40. Kc4 Bc8 1/2-1/2

[Event "Niedersachsen-ch A 2024"]
[Site "Verden Aller"]
[Date "2024.01.05"]
[Round "4.15"]
[White "Harms, Friedjof"]
[Black "Martin, Dennis"]
[Result "1/2-1/2"]
[ECO "B13"]
[WhiteElo "1844"]
[BlackElo "1991"]
[Annotator "NA RC"]
[PlyCount "144"]
[EventDate "2024.01.01"]
[EventType "swiss"]
[EventCountry "GER"]
[SourceTitle "playchess.com"]
[Source "ChessBase"]
[SourceQuality "1"]
[TimeControl "40/5400+30:1800+30"]

1. e4 c6 2. d4 d5 3. exd5 cxd5 4. Bd3 Nc6 5. c3 Nf6 6. Bf4 Bg4 7. Qb3 Qd7 8. Nd2 e6 9. h3 Bh5 10. Ngf3 Bd6 11. Bxd6 Qxd6 12. O-O O-O 13. Rfe1 Bg6 14. Bxg6 hxg6 15. Ne5 Na5 16. Qc2 b5 17. a3 Rfc8 18. Nd3 Nc4 19. a4 Nxd2 20. Qxd2 Ne4 21. Qe2 Qb6 22. axb5 Qxb5 23. Nb4 Qxe2 24. Rxe2 a5 25. Nd3 a4 26. f3 Ng3 27. Rc2 a3 28. Rxa3 Rxa3 29. bxa3 Rxc3 30. Rxc3 Ne2+ 31. Kf2 Nxc3 32. Ke3 g5 33. Nc5 Kf8 34. Nd7+ Ke7 35. Ne5 f6 36. Nc6+ Kd7 37. Nb4 Na4 38. g3 Nb6 39. Kd3 Nc4 40. Nc2 Kc6 41. h4 gxh4 42. gxh4 Kb5 43. h5 Nd6 44. Ne3 Ka4 45. Ng2 Ne8 46. Nf4 Nc7 47. Ng6 Kxa3 48. Nf8 Kb4 49. Nd7 f5 50. Nc5 e5 51. Nb7 e4+ 52. Ke3 Ne6 53. fxe4 fxe4 54. Nd6 Kc3 55. Nf5 Kc4 56. Nd6+ Kc3 57. Nf5 Kb4 58. Nd6 Ka5 59. Nxe4 dxe4 60. Kxe4 Kb6 61. Ke5 Nf8 62. Kd6 Nh7 63. Ke6 Nf6 64. h6 gxh6 65. Kxf6 Kc6 66. Ke6 Kc7 67. Ke7 Kc6 68. Ke6 Kc7 69. d5 Kd8 70. Kf5 Kd7 71. Kg6 Kd6 72. Kxh6 Kxd5 1/2-1/2

[Event "Niedersachsen-ch A 2024"]
[Site "Verden Aller"]
[Date "2024.01.05"]
[Round "4.16"]
[White "Weigand, Anton"]
[Black "Hoke, Adrian"]
[Result "1-0"]
[ECO "C77"]
[WhiteElo "2013"]
[BlackElo "1765"]
[Annotator "NA RC"]
[PlyCount "45"]
[EventDate "2024.01.01"]
[EventType "swiss"]
[EventCountry "GER"]
[SourceTitle "playchess.com"]
[Source "ChessBase"]
[SourceQuality "1"]
[TimeControl "40/5400+30:1800+30"]

1. e4 e5 2. Nf3 Nc6 3. Bb5 a6 4. Ba4 Nf6 5. Nc3 b5 6. Bb3 Bc5 7. a4 b4 8. Nd5 Nxe4 9. d4 Nxd4 10. Nxd4 exd4 11. Qg4 O-O 12. Bh6 Ng5 13. Bxg5 Qe8+ 14. Kf1 d6 15. Qg3 Qe5 16. f4 Qe4 17. Re1 Qxe1+ 18. Kxe1 Re8+ 19. Kd1 h5 20. h3 Bf5 21. Nf6+ gxf6 22. Bxf6+ Bg6 23. Qxg6+ 1-0

[Event "Niedersachsen-ch A 2024"]
[Site "Verden Aller"]
[Date "2024.01.05"]
[Round "4.17"]
[White "Kiesel, Harald"]
[Black "Drygala, Lars"]
[Result "0-1"]
[ECO "C10"]
[WhiteElo "1975"]
[BlackElo "1869"]
[Annotator "NA RC"]
[PlyCount "50"]
[EventDate "2024.01.01"]
[EventType "swiss"]
[EventCountry "GER"]
[SourceTitle "playchess.com"]
[Source "ChessBase"]
[SourceQuality "1"]
[TimeControl "40/5400+30:1800+30"]

1. e4 e6 2. d4 d5 3. Nc3 dxe4 4. Nxe4 Nf6 5. Nxf6+ gxf6 6. Be3 Nc6 7. Nf3 b6 8. Bb5 Qd6 9. O-O Bb7 10. c4 O-O-O 11. Qa4 Nb8 12. c5 Qd5 13. Rfc1 Rg8 14. Be2 Nc6 15. Kf1 Kb8 16. b4 Qe4 17. b5 Nxd4 18. c6 Bc8 19. Nxd4 Qxg2+ 20. Ke1 e5 21. Nb3 Bh3 22. Nd2 Qh1+ 23. Nf1 Rg1 24. Qc4 Bb4+ 25. Qxb4 Rxf1+ 0-1

[Event "Niedersachsen-ch A 2024"]
[Site "Verden Aller"]
[Date "2024.01.05"]
[Round "4.18"]
[White "Moeller, Jonas"]
[Black "Ehlert, Horst"]
[Result "1/2-1/2"]
[ECO "B29"]
[WhiteElo "1836"]
[BlackElo "1940"]
[Annotator "NA RC"]
[PlyCount "104"]
[EventDate "2024.01.01"]
[EventType "swiss"]
[EventCountry "GER"]
[SourceTitle "playchess.com"]
[Source "ChessBase"]
[SourceQuality "1"]
[TimeControl "40/5400+30:1800+30"]

1. e4 c5 2. Nf3 Nf6 3. e5 Nd5 4. Nc3 e6 5. Nxd5 exd5 6. d4 Nc6 7. dxc5 Bxc5 8. Bd3 d6 9. exd6 O-O 10. O-O Qxd6 11. h3 Nb4 12. c3 Nxd3 13. Qxd3 h6 14. Be3 Bxe3 15. Qxe3 Bf5 16. Nd4 Bg6 17. Rfe1 Qb6 18. Nb3 Qb5 19. Qd2 Rfe8 20. Rad1 Rxe1+ 21. Rxe1 Re8 22. Rxe8+ Qxe8 23. f3 Qa4 24. Nc1 b6 25. a3 Qb5 26. Ne2 Bf5 27. Nd4 Qd7 28. Qe3 Bb1 29. Qe5 Bd3 30. Qe3 Bb1 31. Qe5 Bd3 32. Kh2 Bb1 33. Ne2 Ba2 34. Nf4 f6 35. Qe6+ Qxe6 36. Nxe6 Kf7 37. Nd4 g5 38. Kg3 a5 39. Kf2 Kg6 40. Ke3 f5 41. g3 h5 42. f4 h4 43. gxh4 gxh4 44. Nf3 Kh5 45. Kd4 Bb1 46. Ke5 Be4 47. Ng5 a4 48. Kf6 Kh6 49. Ne6 Bg2 50. Ng5 Be4 51. Nf7+ Kh5 52. Ng5 Kh6 1/2-1/2

[Event "Niedersachsen-ch A 2024"]
[Site "Verden Aller"]
[Date "2024.01.05"]
[Round "4.19"]
[White "Carsten, Juergen"]
[Black "Gottschalk, Siegfried"]
[Result "1/2-1/2"]
[ECO "C01"]
[WhiteElo "1749"]
[BlackElo "1939"]
[Annotator "NA"]
[PlyCount "69"]
[EventDate "2024.01.01"]
[EventType "swiss"]
[EventCountry "GER"]
[SourceTitle "playchess.com"]
[Source "ChessBase"]
[SourceQuality "1"]
[TimeControl "40/5400+30:1800+30"]

1. e4 e6 2. d4 d5 3. exd5 exd5 4. Bd3 Nc6 5. c3 Bd6 6. h3 Nge7 7. Qc2 Be6 8. Ne2 Qd7 9. Nf4 Bxf4 10. Bxf4 O-O-O 11. Nd2 Bf5 12. O-O-O Bxd3 13. Qxd3 Ng6 14. Bh2 Rde8 15. Nb3 Nd8 16. Nc5 Qc6 17. Rhf1 Ne7 18. h4 Qg6 19. Qh3+ f5 20. f3 Ne6 21. Nxe6 Qxe6 22. Rfe1 Qd7 23. Kb1 g6 24. g4 Rhf8 25. h5 g5 26. Qg2 h6 27. Re2 Nc6 28. Rde1 f4 29. Qf2 Kd8 30. Bg1 Rxe2 31. Qxe2 Re8 32. Qd2 Qh7+ 33. Kc1 Rxe1+ 34. Qxe1 Kd7 35. Qe2 1/2-1/2

[Event "Niedersachsen-ch A 2024"]
[Site "Verden Aller"]
[Date "2024.01.05"]
[Round "4.20"]
[White "Zweigait, Leon"]
[Black "Heirich, Andreas"]
[Result "1/2-1/2"]
[ECO "B13"]
[WhiteElo "1526"]
[BlackElo "1925"]
[Annotator "NA RC"]
[PlyCount "116"]
[EventDate "2024.01.01"]
[EventType "swiss"]
[EventCountry "GER"]
[SourceTitle "playchess.com"]
[Source "ChessBase"]
[SourceQuality "1"]
[TimeControl "40/5400+30:1800+30"]

1. e4 c6 2. c4 d5 3. exd5 cxd5 4. d4 Nf6 5. Nc3 Nc6 6. cxd5 Nxd5 7. Qb3 e6 8. Nf3 Be7 9. Bc4 Na5 10. Bb5+ Bd7 11. Qa4 Nc6 12. Qb3 Na5 13. Qa4 Nc6 14. Qc4 a6 15. Bxc6 Bxc6 16. Be3 Rc8 17. Qb3 Nxc3 18. bxc3 Bxf3 19. gxf3 Qd5 20. Qxd5 exd5 21. Kd2 O-O 22. Rhb1 Rc7 23. Bf4 Rd7 24. Rb6 Bd8 25. Rd6 Rxd6 26. Bxd6 Re8 27. Rb1 b6 28. Kd3 Re6 29. Be5 f6 30. Bf4 Rc6 31. Rb4 Kf7 32. c4 Ke6 33. Bg3 Be7 34. Ra4 a5 35. c5 bxc5 36. Rxa5 c4+ 37. Kc3 g5 38. f4 Bb4+ 39. Kxb4 c3 40. fxg5 fxg5 41. Ra3 c2 42. Re3+ Kf5 43. Re1 c1=Q 44. Rxc1 Rxc1 45. Kb5 Ke4 46. Be5 Rb1+ 47. Ka5 Kf3 48. a4 Kxf2 49. Ka6 h5 50. a5 Ke3 51. Ka7 g4 52. a6 h4 53. Ka8 g3 54. hxg3 hxg3 55. Bxg3 Kxd4 56. a7 Kc4 57. Bf2 d4 58. Bxd4 Kxd4 1/2-1/2

[Event "Niedersachsen-ch A 2024"]
[Site "Verden Aller"]
[Date "2024.01.05"]
[Round "4.21"]
[White "Hoke, Joshua"]
[Black "Kozik, Andreas"]
[Result "1-0"]
[ECO "C04"]
[WhiteElo "1600"]
[BlackElo "1912"]
[Annotator "NA RC"]
[PlyCount "141"]
[EventDate "2024.01.01"]
[EventType "swiss"]
[EventCountry "GER"]
[SourceTitle "playchess.com"]
[Source "ChessBase"]
[SourceQuality "1"]
[TimeControl "40/5400+30:1800+30"]

1. e4 e6 2. d4 d5 3. Nd2 Nc6 4. c3 e5 5. dxe5 dxe4 6. Qc2 Qe7 7. Qxe4 Qxe5 8. Ngf3 Qxe4+ 9. Nxe4 Bf5 10. Ng3 Bg4 11. Be2 Nf6 12. h3 Be6 13. O-O Bd6 14. Ng5 Bd7 15. N5e4 Be7 16. Nxf6+ Bxf6 17. Nh5 O-O-O 18. Nxf6 gxf6 19. Be3 Kb8 20. Rad1 Rhg8 21. Kh2 Ne5 22. Rd4 Bc6 23. Rxd8+ Rxd8 24. Rd1 Rg8 25. f3 Ng6 26. Bd4 Ne5 27. Bf2 Ng6 28. Rd4 f5 29. b4 b6 30. b5 Bb7 31. a4 Bc8 32. a5 Be6 33. axb6 axb6 34. Bg3 Ne7 35. c4 Nc8 36. Bf4 Kb7 37. Kg1 Ne7 38. Kf2 Ng6 39. Bg3 Ne7 40. Bh2 Nc8 41. Rh4 Ne7 42. Rd4 Ng6 43. Bd3 Ra8 44. g4 Ra2+ 45. Be2 Kc8 46. Bg3 Nf8 47. Ke3 Ng6 48. Bd3 Ra3 49. h4 f4+ 50. Bxf4 Nxh4 51. Bg5 Ng6 52. Rd8+ Kb7 53. Kd4 Rxd3+ 54. Kxd3 Ne5+ 55. Ke4 Nxc4 56. Be7 Na5 57. Rh8 Bb3 58. f4 Nc4 59. Kd4 Na5 60. Kc3 Bc4 61. Bb4 Bxb5 62. Bxa5 bxa5 63. Rxh7 Bd7 64. f5 Be8 65. Rh8 Bc6 66. Rf8 Bd5 67. g5 a4 68. g6 fxg6 69. fxg6 a3 70. g7 a2 71. Kb2 1-0

[Event "Niedersachsen-ch A 2024"]
[Site "Verden Aller"]
[Date "2024.01.05"]
[Round "4.22"]
[White "Seer, Maurice"]
[Black "Aden, Dagmar"]
[Result "1/2-1/2"]
[ECO "B07"]
[WhiteElo "1912"]
[BlackElo "1766"]
[Annotator "NA RC"]
[PlyCount "49"]
[EventDate "2024.01.01"]
[EventType "swiss"]
[EventCountry "GER"]
[SourceTitle "playchess.com"]
[Source "ChessBase"]
[SourceQuality "1"]
[TimeControl "40/5400+30:1800+30"]

1. e4 g6 2. d4 Bg7 3. Nc3 d6 4. Be3 Nf6 5. f3 Nbd7 6. Qd2 c6 7. O-O-O Qa5 8. Kb1 b5 9. Nd5 Qxd2 10. Nxf6+ Bxf6 11. Rxd2 O-O 12. f4 Nb6 13. b3 Be6 14. Nf3 Rfb8 15. Bd3 a5 16. h4 Bg4 17. Nh2 Bd7 18. g4 Nc4 19. Bxc4 bxc4 20. Rg2 cxb3 21. cxb3 a4 22. Rb2 axb3 23. Rxb3 Rxb3+ 24. axb3 Be6 25. e5 1/2-1/2

[Event "Niedersachsen-ch A 2024"]
[Site "Verden Aller"]
[Date "2024.01.05"]
[Round "4.23"]
[White "Stoy, Ulf"]
[Black "Behn, Cord"]
[Result "1-0"]
[ECO "A28"]
[WhiteElo "1985"]
[BlackElo "1837"]
[Annotator "NA"]
[PlyCount "119"]
[EventDate "2024.01.01"]
[EventType "swiss"]
[EventCountry "GER"]
[SourceTitle "playchess.com"]
[Source "ChessBase"]
[SourceQuality "1"]
[TimeControl "40/5400+30:1800+30"]

1. c4 e5 2. Nc3 Nf6 3. Nf3 Nc6 4. e4 Bb4 5. d3 O-O 6. g3 d6 7. Bg2 h6 8. a3 Bc5 9. b4 Bb6 10. O-O a5 11. b5 Nd4 12. Nxd4 Bxd4 13. Bb2 Be6 14. h3 c6 15. a4 Rc8 16. Qb3 Nh5 17. Nd1 Nxg3 18. Bxd4 Ne2+ 19. Kh2 Nxd4 20. Qb2 d5 21. f4 f6 22. f5 Bf7 23. Ne3 dxc4 24. dxc4 cxb5 25. cxb5 Qd6 26. Rg1 Rc5 27. Qf2 Rfc8 28. Qh4 Kh7 29. Rad1 Bb3 30. Rdf1 Rc3 31. Ng4 Qf8 32. Rf2 Rc2 33. Rxc2 Rxc2 34. Kh1 Bxa4 35. Qh5 Bxb5 36. Qg6+ Kh8 37. Ne3 Rb2 38. Nd5 a4 39. Nc7 Bd7 40. Qg4 a3 41. Bf1 a2 42. Bc4 b5 43. Bd5 b4 44. Ne6 Bxe6 45. fxe6 Qe7 46. Qh5 Nxe6 47. Qg4 Rb1 48. Bxa2 Rxg1+ 49. Qxg1 Nd4 50. Qd1 Qc5 51. Bd5 Qc3 52. Qa4 Qxh3+ 53. Kg1 Qc8 54. Qxb4 Qc1+ 55. Kg2 Qc2+ 56. Kg3 Qd3+ 57. Kh4 Nf3+ 58. Kh5 g6+ 59. Kxg6 Nh4+ 60. Kf7 1-0

[Event "Niedersachsen-ch A 2024"]
[Site "Verden Aller"]
[Date "2024.01.05"]
[Round "4.24"]
[White "Poelig, Juergen"]
[Black "Kieselbach, Marvin"]
[Result "0-1"]
[ECO "A05"]
[WhiteElo "1819"]
[BlackElo "1926"]
[Annotator "NA RC"]
[PlyCount "108"]
[EventDate "2024.01.01"]
[EventType "swiss"]
[EventCountry "GER"]
[SourceTitle "playchess.com"]
[Source "ChessBase"]
[SourceQuality "1"]
[TimeControl "40/5400+30:1800+30"]

1. Nf3 Nf6 2. g3 g6 3. Bg2 Bg7 4. O-O O-O 5. d3 c5 6. e4 Nc6 7. c3 d6 8. Re1 e5 9. a3 Be6 10. h3 b5 11. d4 cxd4 12. cxd4 exd4 13. Nxd4 Nxd4 14. Qxd4 Nd5 15. Qd3 Nb6 16. Nc3 Rc8 17. Bd2 Nc4 18. Rab1 Qd7 19. Kh2 a5 20. Rec1 Rc7 21. Bf4 Rfc8 22. Nd1 h6 23. h4 Qd8 24. Bh3 Bxh3 25. Kxh3 g5 26. hxg5 hxg5 27. Bd2 Qf6 28. Bc3 Qh6+ 29. Kg2 g4 30. Bxg7 Qh3+ 31. Kg1 Kxg7 32. Qf1 Qxf1+ 33. Kxf1 Nd2+ 34. Ke2 Rxc1 35. Rxc1 Rxc1 36. Kxd2 Rc5 37. Ne3 Rg5 38. Nf5+ Rxf5 39. exf5 Kf6 40. Kd3 Kxf5 41. Kd4 Ke6 42. b3 f5 43. a4 bxa4 44. bxa4 d5 45. Ke3 Kd6 46. Kd4 Ke6 47. Ke3 Ke5 48. Kd3 d4 49. Kd2 Ke4 50. Ke2 d3+ 51. Kd2 Kd4 52. Kd1 Kc3 53. Kc1 d2+ 54. Kd1 Kd3 0-1

[Event "Niedersachsen-ch A 2024"]
[Site "Verden Aller"]
[Date "2024.01.05"]
[Round "4.25"]
[White "Thomas, Jeremy"]
[Black "Tenne, Fabian"]
[Result "1-0"]
[ECO "C02"]
[WhiteElo "1893"]
[BlackElo "1817"]
[Annotator "NA RC"]
[PlyCount "86"]
[EventDate "2024.01.01"]
[EventType "swiss"]
[EventCountry "GER"]
[SourceTitle "playchess.com"]
[Source "ChessBase"]
[SourceQuality "1"]
[TimeControl "40/5400+30:1800+30"]

1. e4 e6 2. d4 d5 3. e5 c5 4. c3 Nc6 5. Nf3 Qb6 6. Bd3 Bd7 7. dxc5 Bxc5 8. O-O a5 9. Na3 Nge7 10. Qe2 Ng6 11. h4 Bxa3 12. bxa3 Qc5 13. Rb1 Rb8 14. h5 Nge7 15. Rb5 Qa7 16. Be3 b6 17. Rfb1 d4 18. cxd4 Nd5 19. Bd2 Nce7 20. R5b2 Bc6 21. Ng5 Nf5 22. Bxf5 exf5 23. Rc1 Ba8 24. Qb5+ Kf8 25. Rbc2 Qb7 26. f3 Ke7 27. Rc6 Qd7 28. e6 Bxc6 29. Rxc6 Nc7 30. Qc4 Nxe6 31. Nxe6 Rhc8 32. Nc7 Kd8 33. Bf4 Rb7 34. Rd6 Rbxc7 35. Rxd7+ Rxd7 36. Qb3 Rb7 37. Qd5+ Rd7 38. Qxf5 Rc4 39. Be3 Rc3 40. Kf2 Rxa3 41. Qxh7 Rxa2+ 42. Kg3 Re2 43. Qg8+ Ke7 1-0

[Event "Niedersachsen-ch A 2024"]
[Site "Verden Aller"]
[Date "2024.01.05"]
[Round "4.27"]
[White "Gehrke, Mathias"]
[Black "Buecklers, Martin"]
[Result "0-1"]
[ECO "A28"]
[WhiteElo "1761"]
[BlackElo "1877"]
[Annotator "NA RC"]
[PlyCount "62"]
[EventDate "2024.01.01"]
[EventType "swiss"]
[EventCountry "GER"]
[SourceTitle "playchess.com"]
[Source "ChessBase"]
[SourceQuality "1"]
[TimeControl "40/5400+30:1800+30"]

1. c4 e5 2. Nc3 Nf6 3. Nf3 Nc6 4. d3 Bb4 5. Bd2 d6 6. g3 O-O 7. Bg2 Be6 8. O-O h6 9. a3 Bxc3 10. Bxc3 Qd7 11. Re1 e4 12. Bxf6 exf3 13. Bxg7 Kxg7 14. Bxf3 Rab8 15. Qb3 f6 16. e3 b5 17. Qc2 Ne5 18. Be2 bxc4 19. dxc4 Bg4 20. Red1 Bxe2 21. Qxe2 Qc6 22. Rac1 Nf3+ 23. Kf1 Nxh2+ 24. Kg1 Nf3+ 25. Kf1 Ne5 26. Rd5 Qd7 27. Kg2 Qg4 28. f3 Nxf3 29. Qc2 Ne5 30. b4 Qf3+ 31. Kh3 h5 0-1

[Event "Niedersachsen-ch A 2024"]
[Site "Verden Aller"]
[Date "2024.01.05"]
[Round "4.28"]
[White "Schramm, Kilian"]
[Black "Schiller, Jan-Hendrik"]
[Result "1-0"]
[ECO "B06"]
[WhiteElo "1729"]
[BlackElo "1881"]
[Annotator "NA RC"]
[PlyCount "73"]
[EventDate "2024.01.01"]
[EventType "swiss"]
[EventCountry "GER"]
[SourceTitle "playchess.com"]
[Source "ChessBase"]
[SourceQuality "1"]
[TimeControl "40/5400+30:1800+30"]

1. e4 g6 2. d4 Bg7 3. Nf3 d6 4. Bc4 Nf6 5. Qe2 O-O 6. h3 c6 7. Bb3 Qc7 8. Bf4 Nh5 9. Bh2 e5 10. c3 a5 11. a4 Na6 12. Nbd2 Nf4 13. Bxf4 exf4 14. O-O Qe7 15. Nc4 Nc7 16. Nb6 Ra6 17. Nxc8 Rxc8 18. Rfe1 Re8 19. Qd2 g5 20. Re2 Ne6 21. Rd1 Nf8 22. Rde1 Ng6 23. e5 dxe5 24. dxe5 Rd8 25. Qc2 Raa8 26. Nd4 Nh4 27. Qe4 c5 28. Nb5 Ra6 29. Nd6 Raxd6 30. exd6 Qxd6 31. Qxb7 Rd7 32. Re8+ Bf8 33. Qc8 Ng6 34. Bc2 Rc7 35. Qa8 c4 36. Bxg6 hxg6 37. Rxf8+ 1-0

[Event "Niedersachsen-ch A 2024"]
[Site "Verden Aller"]
[Date "2024.01.05"]
[Round "4.29"]
[White "Rausch, Darius"]
[Black "Monnerjahn, Lukas"]
[Result "0-1"]
[ECO "D02"]
[WhiteElo "1742"]
[BlackElo "1856"]
[Annotator "NA RC"]
[PlyCount "100"]
[EventDate "2024.01.01"]
[EventType "swiss"]
[EventCountry "GER"]
[SourceTitle "playchess.com"]
[Source "ChessBase"]
[SourceQuality "1"]
[TimeControl "40/5400+30:1800+30"]

1. d4 d5 2. Bf4 Nf6 3. e3 c5 4. Nf3 Nc6 5. Nbd2 Qb6 6. dxc5 Qxc5 7. a3 a5 8. c4 e6 9. Rc1 Qb6 10. cxd5 exd5 11. Nb3 Be7 12. Qc2 O-O 13. Nbd4 Bd7 14. Bd3 Rac8 15. Qb1 Nxd4 16. Nxd4 Rxc1+ 17. Qxc1 Rc8 18. Qb1 Bxa3 19. O-O Qxb2 20. Qd1 Ne4 21. f3 Nd2 22. Qe1 Nxf1 23. Qh4 g6 24. Qf6 Nxe3 25. Be2 Re8 26. Kf2 Bc5 27. Bxe3 Rxe3 28. Kxe3 Bxd4+ 29. Qxd4 Qxd4+ 30. Kxd4 Bc6 31. Kc5 Kf8 32. h4 h6 33. g4 g5 34. hxg5 hxg5 35. Bd1 Ke7 36. Bc2 Kd7 37. Bf5+ Kc7 38. Bc2 b6+ 39. Kd4 Kd6 40. Bb3 f6 41. Bc2 Bb5 42. Bd1 Bc4 43. Ke3 Ke5 44. Bc2 d4+ 45. Kd2 b5 46. Be4 b4 47. Bc6 Bd5 48. Bd7 Bxf3 49. Kd3 Kf4 50. Kxd4 Bxg4 0-1

[Event "Niedersachsen-ch A 2024"]
[Site "Verden Aller"]
[Date "2024.01.05"]
[Round "4.30"]
[White "Lehmkuhl, Stefan"]
[Black "Burnus, Finn Crispin"]
[Result "1-0"]
[ECO "D35"]
[WhiteElo "1839"]
[BlackElo "1655"]
[Annotator "NA RC"]
[PlyCount "111"]
[EventDate "2024.01.01"]
[EventType "swiss"]
[EventCountry "GER"]
[SourceTitle "playchess.com"]
[Source "ChessBase"]
[SourceQuality "1"]
[TimeControl "40/5400+30:1800+30"]

1. d4 Nf6 2. c4 e6 3. Nf3 d5 4. cxd5 exd5 5. Nc3 Be7 6. Qc2 O-O 7. Bf4 c6 8. e3 Nbd7 9. Bd3 Re8 10. O-O Nf8 11. Rab1 a5 12. a3 Nh5 13. Be5 f6 14. Bg3 Nxg3 15. hxg3 Be6 16. Rfc1 Qd7 17. Na4 Bf7 18. Nb6 Qc7 19. Nxa8 Rxa8 20. b4 axb4 21. axb4 Bg6 22. Nh4 Bxd3 23. Qxd3 g6 24. b5 Kg7 25. bxc6 bxc6 26. Qc2 Rc8 27. Nf3 Ne6 28. Qa2 Qd7 29. Rc2 Rc7 30. Rb6 Nd8 31. Qb1 Kf7 32. Ne1 Kg7 33. Nd3 Kf7 34. Nc5 Bxc5 35. Rxc5 f5 36. Rc2 Ne6 37. Rcb2 Kg7 38. Rb7 Kh6 39. Rxc7 Qxc7 40. Rb6 Qc8 41. Qc1 Nd8 42. e4+ Kg7 43. exd5 Qc7 44. Rb1 Qd6 45. dxc6 Nxc6 46. Qc5 Qd7 47. d5 Ne5 48. Ra1 Kh6 49. Qe3+ g5 50. Qxe5 Qb5 51. Qd4 Kh5 52. g4+ fxg4 53. Qg7 h6 54. Qf7+ Kh4 55. Kh2 Qf1 56. g3# 1-0

[Event "Niedersachsen-ch A 2024"]
[Site "Verden Aller"]
[Date "2024.01.05"]
[Round "4.31"]
[White "Hesse, Juergen"]
[Black "Wilmink, Anna"]
[Result "1/2-1/2"]
[ECO "B23"]
[WhiteElo "1931"]
[BlackElo "1822"]
[Annotator "NA RC"]
[PlyCount "39"]
[EventDate "2024.01.01"]
[EventType "swiss"]
[EventCountry "GER"]
[SourceTitle "playchess.com"]
[Source "ChessBase"]
[SourceQuality "1"]
[TimeControl "40/5400+30:1800+30"]

1. e4 c5 2. Nc3 Nc6 3. f4 g6 4. Nf3 Bg7 5. Bb5 e6 6. Bxc6 bxc6 7. e5 d5 8. d3 Ba6 9. O-O c4 10. d4 Ne7 11. Qe1 Nf5 12. g4 Ne7 13. Qg3 Bc8 14. Nd1 Qb6 15. c3 Bd7 16. Be3 a5 17. Qg2 a4 18. Qc2 h5 19. g5 O-O 20. Rb1 1/2-1/2

[Event "Niedersachsen-ch A 2024"]
[Site "Verden Aller"]
[Date "2024.01.05"]
[Round "4.32"]
[White "Arndt, Felix"]
[Black "Nuerenberg, Marius"]
[Result "0-1"]
[ECO "E19"]
[WhiteElo "1901"]
[BlackElo "1764"]
[Annotator "NA RC"]
[PlyCount "64"]
[EventDate "2024.01.01"]
[EventType "swiss"]
[EventCountry "GER"]
[SourceTitle "playchess.com"]
[Source "ChessBase"]
[SourceQuality "1"]
[TimeControl "40/5400+30:1800+30"]

1. d4 Nf6 2. c4 e6 3. Nf3 b6 4. g3 Bb7 5. Bg2 Be7 6. O-O Ne4 7. Nc3 Nxc3 8. bxc3 d6 9. Qc2 Nd7 10. e4 O-O 11. a4 a5 12. Ba3 Re8 13. Rad1 Qc8 14. Rfe1 d5 15. Bxe7 dxe4 16. Ng5 Rxe7 17. Nxe4 Nf6 18. d5 Nxe4 19. Rxe4 e5 20. Rde1 Qf5 21. f4 f6 22. Qe2 Rae8 23. Bf3 Qd7 24. fxe5 Rxe5 25. Qc2 Qd6 26. Bg4 g6 27. Rxe5 Rxe5 28. Rxe5 Qxe5 29. Be6+ Kg7 30. Qd2 Qe4 31. Qd4 Qe1+ 32. Kg2 Qxe6 0-1

[Event "Niedersachsen-ch A 2024"]
[Site "Verden Aller"]
[Date "2024.01.05"]
[Round "4.34"]
[White "Moerke, Niklas"]
[Black "Aden, Keno"]
[Result "1/2-1/2"]
[ECO "B12"]
[WhiteElo "1800"]
[BlackElo "1832"]
[Annotator "NA RC"]
[PlyCount "69"]
[EventDate "2024.01.01"]
[EventType "swiss"]
[EventCountry "GER"]
[SourceTitle "playchess.com"]
[Source "ChessBase"]
[SourceQuality "1"]
[TimeControl "40/5400+30:1800+30"]

1. e4 c6 2. d4 d5 3. e5 Bf5 4. h4 h5 5. Bd3 Bxd3 6. Qxd3 e6 7. Nf3 Qa5+ 8. c3 Qa6 9. Qxa6 Nxa6 10. O-O Ne7 11. Na3 Nf5 12. Nc2 Be7 13. g3 O-O 14. Bg5 Rac8 15. Ne3 Nxe3 16. fxe3 f6 17. Bf4 f5 18. Bg5 Rf7 19. Bxe7 Rxe7 20. a4 c5 21. Nd2 c4 22. Nb1 Nb8 23. Na3 a6 24. Nc2 Nc6 25. a5 g6 26. Kf2 Rg7 27. Ne1 Nd8 28. Nf3 Re7 29. Ke2 Kf8 30. Kd2 Rec7 31. Ra4 Nc6 32. Rb1 Na7 33. Ne1 Ke7 34. Nc2 Nb5 35. Raa1 1/2-1/2

[Event "Niedersachsen-ch A 2024"]
[Site "Verden Aller"]
[Date "2024.01.05"]
[Round "4.35"]
[White "Stiller, Maximilian"]
[Black "Stummeyer, Dieter"]
[Result "0-1"]
[ECO "D05"]
[WhiteElo "1786"]
[BlackElo "1804"]
[Annotator "NA RC"]
[PlyCount "102"]
[EventDate "2024.01.01"]
[EventType "swiss"]
[EventCountry "GER"]
[SourceTitle "playchess.com"]
[Source "ChessBase"]
[SourceQuality "1"]
[TimeControl "40/5400+30:1800+30"]

1. d4 Nf6 2. Nf3 d5 3. e3 Nbd7 4. Bd3 e6 5. O-O b6 6. Nbd2 Bb7 7. b3 Bd6 8. Bb2 O-O 9. Ne5 c5 10. f4 Rc8 11. Qf3 cxd4 12. exd4 Qc7 13. Rae1 Bb4 14. Re2 Bc3 15. Bxc3 Qxc3 16. Qe3 Qb4 17. Kh1 g6 18. Rf3 Rc3 19. Nb1 Nxe5 20. fxe5 Ne4 21. Qh6 Rc7 22. Bxe4 dxe4 23. c3 exf3 24. Re3 Qe7 25. gxf3 f6 26. Kg2 fxe5 27. dxe5 Rf5 28. Nd2 Qg5+ 29. Qxg5 Rxg5+ 30. Kf2 Rf7 31. Nc4 Rgf5 32. Nd2 g5 33. h3 h5 34. Rd3 Rxe5 35. Kg3 Rd5 36. Rxd5 exd5 37. c4 dxc4 38. bxc4 Kg7 39. a4 Rd7 40. c5 Rxd2 41. h4 gxh4+ 42. Kxh4 bxc5 43. f4 Rd4 44. a5 Rxf4+ 45. Kg3 Rd4 46. a6 Bxa6 47. Kf2 c4 48. Kg1 Rd2 49. Kh1 c3 50. Kg1 c2 51. Kh1 c1=R# 0-1

[Event "Niedersachsen-ch A 2024"]
[Site "Verden Aller"]
[Date "2024.01.05"]
[Round "4.36"]
[White "Trunz, Tamila"]
[Black "Bisa, Gani"]
[Result "0-1"]
[ECO "B84"]
[WhiteElo "1766"]
[BlackElo "1931"]
[Annotator "NA RC"]
[PlyCount "106"]
[EventDate "2024.01.01"]
[EventType "swiss"]
[EventCountry "GER"]
[SourceTitle "playchess.com"]
[Source "ChessBase"]
[SourceQuality "1"]
[TimeControl "40/5400+30:1800+30"]

1. e4 c5 2. Nf3 d6 3. d4 cxd4 4. Nxd4 Nf6 5. Nc3 a6 6. Be2 b5 7. a3 Bb7 8. f3 e6 9. Be3 Be7 10. O-O O-O 11. Qe1 Nbd7 12. Qg3 Ne5 13. Rad1 Rc8 14. Rd2 Ne8 15. f4 Nc4 16. Bxc4 Rxc4 17. e5 Qc7 18. Rfd1 b4 19. axb4 Rxb4 20. Nb3 a5 21. Bd4 a4 22. Nc1 Qc6 23. N1a2 Rc4 24. b3 axb3 25. cxb3 Rxd4 26. Rxd4 d5 27. Kh1 Qb6 28. f5 f6 29. fxe6 fxe5 30. R4d2 d4 31. Nb1 e4 32. h3 Bd6 33. Qg4 Qa6 34. Qe2 d3 35. Qh5 e3 36. e7 Rf7 37. Rxd3 Qc6 38. Qg4 Rf2 39. Rg1 e2 40. Qe6+ Kh8 41. Rxd6 Qxd6 42. Qe3 Qf6 43. Nd2 Qh4 44. Nc3 Bxg2+ 45. Rxg2 Rf1+ 46. Nxf1 exf1=Q+ 47. Kh2 Qff4+ 48. Qxf4 Qxf4+ 49. Kh1 Qc1+ 50. Rg1 Qxc3 51. Rf1 Qxh3+ 52. Kg1 Qe3+ 53. Kh1 Qxe7 0-1